TOP OF THE 1ST |
Dunedin Blue Jays batting - Pitching for Frederick Keys : RHP Mark Lloyd
|
Pitching: RHP Mark Lloyd
|
|
Batting: RHB Justin Geiger
|
0-0: Ball 1-0: Ball 2-0: Ball 3-0: Ground out 1-3 (Groundball, 15S, EV 63.8 MPH)
|
Batting: RHB Luis Gomez
|
0-0: Ball 1-0: Called Strike 1-1: Swinging Strike 1-2: Fly out, F8 (Flyball, 78S, EV 78.8 MPH)
|
Batting: RHB James Boynton
|
0-0: Called Strike 0-1: Swinging Strike 0-2: SINGLE (Line Drive, 78M, EV 97.5 MPH)
|
Batting: RHB Yojiro Hayashi
|
0-0: Called Strike James Boynton steals 2nd base 0-1: Swinging Strike 0-2: Strikes out swinging
|
Top of the 1st over - 0 runs, 1 hit, 0 errors, 1 left on base; Dunedin 0 - Frederick 0 |
BOTTOM OF THE 1ST |
Frederick Keys batting - Pitching for Dunedin Blue Jays : RHP Jon Thomason
|
Pitching: RHP Jon Thomason
|
|
Batting: RHB Ruben Domingues
|
0-0: Ball 1-0: Ball 2-0: Ball 3-0: Base on Balls
|
Batting: LHB Xue-liang Zhou
|
0-0: Called Strike 0-1: SINGLE (Line Drive, 4MD, EV 95.0 MPH) Ruben Domingues to second Ruben Domingues to third
|
Batting: RHB C.J. Wells
|
0-0: Ball 1-0: Ball 2-0: Called Strike 2-1: 3-RUN HOME RUN (Flyball, 9D, EV 100.6 MPH), Distance : 388 ft
|
Batting: LHB Sam Williams
|
0-0: Called Strike 0-1: Foul Ball, location: 2F 0-2: Foul Ball, location: 2F 0-2: Ball 1-2: Ground out 5-3 (Groundball, 6, EV 101.9 MPH)
|
Batting: RHB Johnny Lowe
|
0-0: Fly out, F9 (Flyball, 9, EV 91.9 MPH)
|
Batting: RHB Chris McGuirk
|
0-0: Called Strike 0-1: Ball 1-1: Ball 2-1: Called Strike 2-2: Foul Ball, location: 9LSF 2-2: Ball 3-2: Fly out, F9 (Flyball, 9, EV 100.0 MPH)
|
Bottom of the 1st over - 3 runs, 2 hits, 0 errors, 0 left on base; Dunedin 0 - Frederick 3 |
TOP OF THE 2ND |
Dunedin Blue Jays batting - Pitching for Frederick Keys : RHP Mark Lloyd
|
Batting: RHB Freddy Quintero
|
0-0: Called Strike 0-1: Foul Ball, location: 2LF 0-2: Ball 1-2: Strikes out swinging
|
Batting: RHB Luis Reyes
|
0-0: Called Strike 0-1: Fly out, F8 (Flyball, 8RXD, EV 86.9 MPH)
|
Batting: RHB Bobby Roldan
|
0-0: Ball 1-0: Ball 2-0: Called Strike 2-1: Foul Ball, location: 9LMF 2-2: Ball 3-2: Reached on error, E5 (Groundball, 56, EV 100.0 MPH)
|
Batting: RHB Lao-che Zhu
|
0-0: Ball 1-0: Called Strike 1-1: SINGLE (Groundball, 6MD, EV 98.8 MPH) Bobby Roldan to second Runner from 2nd tries for 3rd, OUT! 8-5
|
Top of the 2nd over - 0 runs, 1 hit, 1 error, 1 left on base; Dunedin 0 - Frederick 3 |
BOTTOM OF THE 2ND |
Frederick Keys batting - Pitching for Dunedin Blue Jays : RHP Jon Thomason
|
Batting: LHB Danny Schultz
|
0-0: Called Strike 0-1: Foul Ball, location: 3F 0-2: Ball 1-2: Fly out, F9 (Flyball, 9D, EV 93.1 MPH)
|
Batting: LHB Chris Cohen
|
0-0: Called Strike 0-1: Ball 1-1: Foul Ball, location: 5F 1-2: Ball 2-2: Foul Ball, location: 2F 2-2: Foul Ball, location: 2F 2-2: Strikes out swinging
|
Batting: LHB Ivan Alvarez
|
0-0: Called Strike 0-1: Swinging Strike 0-2: Strikes out swinging
|
Bottom of the 2nd over - 0 runs, 0 hits, 0 errors, 0 left on base; Dunedin 0 - Frederick 3 |
TOP OF THE 3RD |
Dunedin Blue Jays batting - Pitching for Frederick Keys : RHP Mark Lloyd
|
Batting: RHB Jorge Alva
|
0-0: Ball 1-0: Called Strike 1-1: Ball 2-1: Fly out, F4 (Popup, 13, EV 73.1 MPH)
|
Batting: RHB Justin Geiger
|
0-0: Ball 1-0: Foul Ball, location: 3F 1-1: Foul Ball, location: 2F 1-2: Foul Ball, location: 2F 1-2: Ball 2-2: Foul Ball, location: 2F 2-2: Foul Ball, location: 25F 2-2: Fly out, F7 (Flyball, 7D, EV 102.5 MPH)
|
Batting: RHB Luis Gomez
|
0-0: Called Strike 0-1: Foul Ball, location: 2F 0-2: Ground out 5-3 (Groundball, 5, EV 76.9 MPH)
|
Top of the 3rd over - 0 runs, 0 hits, 0 errors, 0 left on base; Dunedin 0 - Frederick 3 |
BOTTOM OF THE 3RD |
Frederick Keys batting - Pitching for Dunedin Blue Jays : RHP Jon Thomason
|
Batting: RHB Ruben Domingues
|
0-0: SOLO HOME RUN (Flyball, 78XD, EV 106.3 MPH), Distance : 421 ft
|
Batting: LHB Xue-liang Zhou
|
0-0: DOUBLE (Groundball, 3L, EV 105.6 MPH)
|
Batting: RHB C.J. Wells
|
0-0: Called Strike 0-1: SINGLE (Groundball, 34D, EV 96.3 MPH) Xue-liang Zhou to third
|
Batting: LHB Sam Williams
|
0-0: Swinging Strike 0-1: Foul Ball, location: 2F 0-2: Fly out, F7 (Flyball, 7S, EV 81.9 MPH)
|
Batting: RHB Johnny Lowe
|
0-0: Ball 1-0: DOUBLE (Groundball, 5L, EV 105.6 MPH) Xue-liang Zhou scores C.J. Wells to third Runner from 3rd tries for Home, SAFE, throw by LF to home
|
Batting: RHB Chris McGuirk
|
0-0: Fly out, F8 (Flyball, 89M, EV 95.6 MPH)
|
Batting: LHB Danny Schultz
|
0-0: Called Strike 0-1: Foul Ball, location: 9LDF 0-2: Ground out 5-3 (Groundball, 56, EV 76.3 MPH)
|
Bottom of the 3rd over - 3 runs, 4 hits, 0 errors, 1 left on base; Dunedin 0 - Frederick 6 |
TOP OF THE 4TH |
Dunedin Blue Jays batting - Pitching for Frederick Keys : RHP Mark Lloyd
|
Batting: RHB James Boynton
|
0-0: Ball 1-0: Ball 2-0: Called Strike 2-1: Foul Ball, location: 23F 2-2: Ball 3-2: Strikes out swinging
|
Batting: RHB Yojiro Hayashi
|
0-0: Ground out 4-3 (Groundball, 4, EV 88.1 MPH)
|
Batting: RHB Freddy Quintero
|
0-0: Called Strike 0-1: Fly out, F7 (Flyball, 78M, EV 99.4 MPH)
|
Top of the 4th over - 0 runs, 0 hits, 0 errors, 0 left on base; Dunedin 0 - Frederick 6 |
BOTTOM OF THE 4TH |
Frederick Keys batting - Pitching for Dunedin Blue Jays : RHP Jon Thomason
|
Batting: LHB Chris Cohen
|
0-0: Ball 1-0: Foul Ball, location: 2F 1-1: Ball 2-1: Ball 3-1: Foul Ball, location: 25F 3-2: Base on Balls
|
Batting: LHB Ivan Alvarez
|
0-0: Ball 1-0: Ball 2-0: Swinging Strike 2-1: Called Strike 2-2: Ball 3-2: Foul Ball, location: 25F 3-2: Base on Balls Chris Cohen to second
|
Pitching: RHP Jason Hanson
|
|
Batting: RHB Ruben Domingues
|
0-0: Foul Ball, location: 5F 0-1: Swinging Strike 0-2: Ball 1-2: Ball 2-2: Strikes out looking and he ARGUES THE CALL AND IS TOSSED!
|
Batting: LHB Xue-liang Zhou
|
0-0: Ball 1-0: Ball 2-0: Foul Ball, location: 7LDF 2-1: Ball 3-1: Fly out, F8 (Flyball, 8RM, EV 98.8 MPH)
|
Batting: RHB C.J. Wells
|
0-0: Ball 1-0: Ball 2-0: Ball 3-0: Base on Balls Chris Cohen to third Ivan Alvarez to second
|
Batting: LHB Sam Williams
|
0-0: Ball 1-0: Ball 2-0: Called Strike 2-1: Ball 3-1: Called Strike 3-2: Strikes out swinging
|
Bottom of the 4th over - 0 runs, 0 hits, 0 errors, 3 left on base; Dunedin 0 - Frederick 6 |
TOP OF THE 5TH |
Dunedin Blue Jays batting - Pitching for Frederick Keys : RHP Mark Lloyd
|
Now in LF: Vinny Rivera
|
|
Batting: RHB Luis Reyes
|
0-0: Ground out 6-3 (Groundball, 6MD, EV 106.9 MPH)
|
Batting: RHB Bobby Roldan
|
0-0: Ball 1-0: Fly out, F8 (Line Drive, 8RM, EV 100.6 MPH)
|
Batting: RHB Lao-che Zhu
|
0-0: Ball 1-0: Fly out, F6 (Popup, 15S, EV 84.4 MPH)
|
Top of the 5th over - 0 runs, 0 hits, 0 errors, 0 left on base; Dunedin 0 - Frederick 6 |
BOTTOM OF THE 5TH |
Frederick Keys batting - Pitching for Dunedin Blue Jays : RHP Jason Hanson
|
Batting: RHB Johnny Lowe
|
0-0: Ball 1-0: Called Strike 1-1: Ball 2-1: Foul Ball, location: 2F 2-2: SINGLE (Groundball, 56D, EV 108.1 MPH) (infield hit)
|
Batting: RHB Chris McGuirk
|
0-0: Ball 1-0: Called Strike 1-1: Ball 2-1: Ball 3-1: Foul Ball, location: 7LSF 3-2: Base on Balls Johnny Lowe to second
|
Batting: LHB Danny Schultz
|
0-0: Ball 1-0: Ball 2-0: Foul Ball, location: 2F 2-1: Called Strike 2-2: Foul Ball, location: 7LMF 2-2: Strikes out swinging
|
Batting: LHB Chris Cohen
|
0-0: Called Strike 0-1: Called Strike 0-2: Strikes out swinging
|
Batting: LHB Ivan Alvarez
|
0-0: Called Strike 0-1: Called Strike 0-2: Foul Ball, location: 2RF 0-2: Strikes out swinging
|
Bottom of the 5th over - 0 runs, 1 hit, 0 errors, 2 left on base; Dunedin 0 - Frederick 6 |
TOP OF THE 6TH |
Dunedin Blue Jays batting - Pitching for Frederick Keys : RHP Mark Lloyd
|
Batting: RHB Jorge Alva
|
0-0: Ball 1-0: Ball 2-0: Called Strike 2-1: Ball 3-1: Ground out 5-3 (Groundball, 56, EV 88.8 MPH)
|
Batting: RHB Justin Geiger
|
0-0: Called Strike 0-1: Ground out 1-3 (Groundball, 34S, EV 70.6 MPH)
|
Batting: RHB Luis Gomez
|
0-0: Ball 1-0: SINGLE (Groundball, 34D, EV 98.8 MPH)
|
Batting: RHB James Boynton
|
0-0: Ball Luis Gomez steals 2nd base 1-0: Called Strike 1-1: Foul Ball, location: 9LMFF 1-2: Ball 2-2: Strikes out swinging
|
Top of the 6th over - 0 runs, 1 hit, 0 errors, 1 left on base; Dunedin 0 - Frederick 6 |
BOTTOM OF THE 6TH |
Frederick Keys batting - Pitching for Dunedin Blue Jays : RHP Jason Hanson
|
Batting: LHB Vinny Rivera
|
0-0: Called Strike 0-1: SINGLE (Groundball, 15S, EV 64.4 MPH) (infield hit)
|
Batting: LHB Xue-liang Zhou
|
0-0: Ball 1-0: Ball Vinny Rivera steals 2nd base 2-0: Fly out, F8 (Flyball, 78D, EV 101.3 MPH)
|
Batting: RHB C.J. Wells
|
0-0: Called Strike 0-1: Swinging Strike 0-2: Fly out, F9 (Line Drive, 9LM, EV 105.0 MPH)
|
Batting: LHB Sam Williams
|
0-0: Called Strike 0-1: Ball 1-1: Swinging Strike 1-2: Strikes out swinging
|
Bottom of the 6th over - 0 runs, 1 hit, 0 errors, 1 left on base; Dunedin 0 - Frederick 6 |
TOP OF THE 7TH |
Dunedin Blue Jays batting - Pitching for Frederick Keys : RHP Mark Lloyd
|
Batting: RHB Yojiro Hayashi
|
0-0: SINGLE (Groundball, 56S, EV 68.8 MPH) (infield hit)
|
Pitching: RHP J.J. Maetzold
|
|
Batting: RHB Freddy Quintero
|
0-0: Called Strike Yojiro Hayashi steals 2nd base (no throw) 0-1: Ball 1-1: Ball 2-1: Ball 3-1: Base on Balls
|
Pinch Hitting: LHB Rodrigo Briceno
|
0-0: Called Strike Yojiro Hayashi steals 3rd base 0-1: Foul Ball, location: 7LMF 0-2: Foul Ball, location: 5F 0-2: Strikes out swinging
|
Pinch Hitting: LHB Danny Bailey
|
0-0: Foul Ball, location: 7LDF 0-1: Ball 1-1: Foul Ball, location: 5FF 1-2: Strikes out swinging
|
Pinch Hitting: LHB Roger Escareno
|
0-0: Ball 1-0: Called Strike 1-1: Ground out 2-3 (Groundball, 2R, EV 74.4 MPH)
|
Top of the 7th over - 0 runs, 1 hit, 0 errors, 2 left on base; Dunedin 0 - Frederick 6 |
BOTTOM OF THE 7TH |
Frederick Keys batting - Pitching for Dunedin Blue Jays : RHP Jason Hanson
|
Now at 1B: Rodrigo Briceno
|
|
Now at 2B: James Boynton
|
|
Now at 3B: Roger Escareno
|
|
Now at SS: Toby Patenaude
|
|
Batting: RHB Johnny Lowe
|
0-0: Ball 1-0: Ball 2-0: Swinging Strike 2-1: Foul Ball, location: 2F 2-2: Strikes out swinging
|
Batting: RHB Chris McGuirk
|
0-0: Foul Ball, location: 2F 0-1: DOUBLE (Groundball, 5L, EV 104.4 MPH)
|
Batting: LHB Danny Schultz
|
0-0: Ball 1-0: Ball 2-0: Ball 3-0: Base on Balls
|
Pitching: LHP Kevin Turner
|
|
Batting: LHB Chris Cohen
|
0-0: Ball 1-0: Swinging Strike 1-1: Ball 2-1: Foul Ball, location: 2F 2-2: Ball 3-2: Foul Ball, location: 2F 3-2: Strikes out swinging
|
Batting: LHB Ivan Alvarez
|
0-0: Ball 1-0: Ball 2-0: Foul Ball, location: 3FF 2-1: SINGLE (Groundball, 4MS, EV 70.6 MPH) (infield hit) Chris McGuirk to third Danny Schultz to second
|
Batting: LHB Vinny Rivera
|
0-0: Called Strike 0-1: Ball 1-1: Ball 2-1: Foul Ball, location: 2F 2-2: SINGLE (Groundball, 6MD, EV 105.6 MPH) Chris McGuirk scores Danny Schultz to third Ivan Alvarez to second Runner from 3rd tries for Home, SAFE, throw by CF to home
|
Batting: LHB Xue-liang Zhou
|
0-0: Called Strike 0-1: Ball 1-1: Ground out U3 (Groundball, 3, EV 81.3 MPH)
|
Bottom of the 7th over - 2 runs, 3 hits, 0 errors, 2 left on base; Dunedin 0 - Frederick 8 |
TOP OF THE 8TH |
Dunedin Blue Jays batting - Pitching for Frederick Keys : RHP J.J. Maetzold
|
Pinch Hitting: LHB Devin Huber
|
0-0: Called Strike 0-1: Foul Ball, location: 2F 0-2: Ball 1-2: Ground out 6-3 (Groundball, 6, EV 90.0 MPH)
|
Batting: RHB Justin Geiger
|
0-0: Called Strike 0-1: Ball 1-1: Ball 2-1: Foul Ball, location: 25F 2-2: Ground out 6-3 (Groundball, 6, EV 105.0 MPH)
|
Pinch Hitting: RHB Manny Elizondo
|
0-0: Foul Ball, location: 5FF 0-1: Ball 1-1: Foul Ball, location: 9LMF 1-2: Ball 2-2: Strikes out looking
|
Top of the 8th over - 0 runs, 0 hits, 0 errors, 0 left on base; Dunedin 0 - Frederick 8 |
BOTTOM OF THE 8TH |
Frederick Keys batting - Pitching for Dunedin Blue Jays : LHP Kevin Turner
|
Now in CF: Manny Elizondo
|
|
Now in RF: Devin Huber
|
|
Batting: RHB C.J. Wells
|
0-0: Called Strike 0-1: Ball 1-1: Fly out, F8 (Flyball, 8LD, EV 75.6 MPH)
|
Batting: LHB Sam Williams
|
0-0: Foul Ball, location: 2F 0-1: Swinging Strike 0-2: Strikes out swinging
|
Pinch Hitting: RHB Mike Trueblood
|
0-0: Ball 1-0: Ball 2-0: Called Strike 2-1: Swinging Strike 2-2: Ball 3-2: SINGLE (Groundball, 34D, EV 72.5 MPH) (infield hit)
|
Batting: RHB Chris McGuirk
|
0-0: Ball 1-0: Swinging Strike 1-1: Ball 2-1: Ball 3-1: DOUBLE (Line Drive, 9LS, EV 100.0 MPH) Mike Trueblood to third
|
Batting: LHB Danny Schultz
|
0-0: Swinging Strike 0-1: Ball 1-1: Swinging Strike 1-2: Fly out, F9 (Flyball, 9LD, EV 110.0 MPH)
|
Bottom of the 8th over - 0 runs, 2 hits, 0 errors, 2 left on base; Dunedin 0 - Frederick 8 |
TOP OF THE 9TH |
Dunedin Blue Jays batting - Pitching for Frederick Keys : RHP J.J. Maetzold
|
Now at 2B: Mike Trueblood
|
|
Pinch Hitting: RHB Akira Kubo
|
0-0: Called Strike 0-1: Ball 1-1: SINGLE (Groundball, 6M, EV 97.5 MPH) (infield hit)
|
Pinch Hitting: RHB Mike Chamberlain
|
0-0: Ball 1-0: Called Strike 1-1: Foul Ball, location: 2F 1-2: Ball 2-2: Fly out, F9 (Flyball, 89M, EV 94.4 MPH)
|
Batting: RHB Freddy Quintero
|
0-0: Foul Ball, location: 3SF 0-1: Swinging Strike 0-2: Foul Ball, location: 9LMF 0-2: Strikes out swinging
|
Batting: LHB Rodrigo Briceno
|
0-0: Ball 1-0: Foul Ball, location: 7LSF 1-1: Foul Ball, location: 2LF 1-2: Foul Ball, location: 7LSF 1-2: Ball 2-2: Fly out, F9 (Flyball, 9LD, EV 101.9 MPH)
|
Top of the 9th over - 0 runs, 1 hit, 0 errors, 1 left on base; Dunedin 0 - Frederick 8 |
|